[Event "*** Titled Tuesday Blitz"]
[Site "Chess.com"]
[Date "2019.04.02"]
[Round "8"]
[White "IIIlllII1llIl"]
[Black "NCchamp"]
[Result "1-0"]
[WhiteElo "2768"]
[BlackElo "2173"]
[TimeControl "180+2"]
[EndTime "15:50:36 PDT"]
[Termination "IIIlllII1llIl won by resignation"]

1. e4 c5 2. Nf3 e6 3. c3 Nf6 4.
e5 Nd5 5. d4 cxd4 6. cxd4 d6 7. Bc4 Be7 8. Qe2 b6 9. O-O O-O 10. Bd2 Bb7 11. Nc3 Nxc3 12. Bxc3 Nd7 13. Rad1 Qc7 14. d5 exd5 15. Bxd5 Bxd5 16. Rxd5 dxe5 17.
Rfd1 Rfd8 18. Nxe5 Nf6 19. Rxd8+ Rxd8 20. Rxd8+ Bxd8 21. Ng4 Nd7 22. h4 Bxh4 23. g3 Bg5 24. Qe8+ Nf8 25.
Ne5 Qe7 26. Qxe7 Bxe7 27. Nc6 Bc5 28. b4 Bd6 29. Nxa7 Nd7 30. a4 Kf8 31. Nc6 f6 32.
Bd4 Ke8 33. a5 bxa5 34. bxa5 Bc5 35. a6 Bxd4 36. Nxd4 Kd8 37. Ne6+ Kc8 38. Nxg7 Kb8 39. Kg2 Ka7 40. Kf3 Kxa6 41. Ke4 Kb6 42. Kd5 Kc7 43.
Ke6 Kd8 44. Nh5 Ke8 45. Nxf6+ Nxf6 46. Kxf6 Kf8 47. g4 Kg8 48. g5 Kf8 49. Kf5 Kf7 50.
Kg4 Kg6 51. f3 h6 52. gxh6 Kxh6 53. Kf5 Kg7 54. Ke6 Kf8 55. Kf6 Kg8 56. Ke7 Kg7 57.
f4 Kg6 58. Ke6 Kg7 59. f5 Kg8 60. Ke7 1-0

[Event "*** Titled Tuesday Blitz"]
[Site "Chess.com"]
[Date "2019.04.02"]
[Round "8"]
[White "Aemulus20"]
[Black "PaulfromSPb"]
[Result "0-1"]
[WhiteElo "2506"]
[BlackElo "2644"]
[TimeControl "180+2"]
[EndTime "15:50:37 PDT"]
[Termination "PaulfromSPb won by resignation"]

1. e4 c5 2. Nf3 d6 3. d4 cxd4 4.
Nxd4 Nf6 5. Nc3 a6 6. Be2 e5 7. Nb3 Be7 8. O-O O-O 9. Kh1 b5 10. a4 Bb7 11. f3 b4 12. Nd5 Nxd5 13.
exd5 a5 14. c4 bxc3 15. bxc3 Nd7 16. Bb5 Qc7 17. c4 Nb6 18. Qd3 Bf6 19. Bd2 e4 20.
fxe4 Bxa1 21. Rxa1 Ba6 22. Bxa5 Bxb5 23. cxb5 Rxa5 24.
Nxa5 Nxa4 25. Nc6 Nc5 26. Qc4 Qb6 27. Rc1 f6 28. Ne7+ Kh8 29. Nf5 Ra8 30. h3 Rc8 31. e5 fxe5 32. Qg4 Rg8 33. Ne7 Rf8 34. Nf5 Qc7 35. b6 Qd7 36. Rb1 Qxf5 37. Qxf5 Rxf5 38. b7 Nxb7 39. Rxb7 h5 40. Rd7 Rf6 41. h4 Kh7 42.
Kh2 Kg6 43. Kg3 Kf5 44. Rxg7 Rg6+ 45. Rxg6 Kxg6 46. Kf3 Kf5 47. g4+ hxg4+ 48. Kg3 e4 49. h5 e3 50. h6 Kg6 0-1

[Event "*** Titled Tuesday Blitz"]
[Site "Chess.com"]
[Date "2019.04.02"]
[Round "8"]
[White "Satscho"]
[Black "pedromartinez91"]
[Result "1/2-1/2"]
[WhiteElo "2317"]
[BlackElo "2480"]
[TimeControl "180+2"]
[EndTime "15:50:37 PDT"]
[Termination "Game drawn by stalemate"]

1. e4 c5 2. Nf3 Nc6 3. Bb5 d6 4.
d4 cxd4 5. Qxd4 Bd7 6. Bxc6 Bxc6 7. Nc3 Nf6 8. Bg5 e5 9. Qd3 Be7 10. O-O-O Qa5 11. Kb1 O-O 12. Bxf6 Bxf6 13. Nd5 Bd8 14. Ne3 Bc7 15. Nf5 Rfe8 16. Qe3 f6 17. Nxd6 Bxd6 18. Rxd6 Qb4 19. Rhd1 Qxe4 20. Qxe4 Bxe4 21. Kc1 Rac8 22. c3 Rc7 23. Rd7 Rec8 24. R1d6 Bf5 25. Rxc7 Rxc7 26. Kd2 a6 27. b3 Kf7 28. c4 g5 29. Kc3 h5 30. b4 h4 31. c5 Be4 32. h3 Bc6 33. Kd2 Bxf3 34. gxf3 Ke7 35. Ke3 Rd7 36. Rb6 Kf7 37. a4 Ke7 38. b5 axb5 39. axb5 Rc7 40. c6 bxc6 41. Rxc6 Rb7 42. b6 Kf7 43. Ke4 Kg6 44. Rd6 Rb8 45. Rc6 Rb7 46. Rd6 Rb8 47. Rc6 Rd8 48. b7 Rd4+ 49. Ke3 Rb4 50. Rc7 Kf5 51.
Rf7 Rb3+ 52. Ke2 Rb2+ 53. Ke3 Rb1 54. Ke2 Ke6 55. Rg7 Kd6 56. Rf7 Kd5 57. Rxf6 Rxb7 58.
Rg6 Rb1 59. Rxg5 Rh1 60. f4 Rxh3 61. Rxe5+ Kd4 62. Re3 Rh1 63. Kf3 h3 64. Kg3 h2 65.
Kg2 Rf1 66. Rh3 h1=Q+ 67. Rxh1 Rxh1 68. Kxh1 Ke4 69. Kg2 Kxf4 70. f3 Kf5 71. Kg3 Kg5 72.
f4+ Kf5 73. Kf3 Kf6 74. Kg4 Kg6 75. f5+ Kf6 76. Kf4 Kf7 77. Kg5 Kg7 78. f6+ Kf7 79.
Kf5 Kf8 80. Kg6 Kg8 81. f7+ Kf8 82. Kf6 1/2-1/2

[Event "*** Titled Tuesday Blitz"]
[Site "Chess.com"]
[Date "2019.04.02"]
[Round "8"]
[White "KarstenHansch"]
[Black "Panchenko_Dmitry"]
[Result "1/2-1/2"]
[WhiteElo "2382"]
[BlackElo "2531"]
[TimeControl "180+2"]
[EndTime "15:50:40 PDT"]
[Termination "Game drawn - insufficient material"]

1. e4 e5 2. Nf3 Nc6 3. d4 exd4 4. Nxd4 Bc5 5. Nxc6 Qf6 6. Qf3 bxc6 7. Nc3 d6 8. Qxf6 Nxf6 9. Bd3 a5 10. Bd2 Ng4 11.
O-O Ne5 12. Be2 Ba6 13. Bxa6 Rxa6 14. Na4 Ba7 15. Bc3 f6 16. h3 O-O 17. Kh2 Rb8 18. Rae1 Nc4 19. b3 Nb6 20. Nxb6 Bxb6 21. a4 Bc5 22. f4 Bb4 23. Re3 Bxc3 24. Rxc3 c5 25. Re1 Rb4 26. Kg3 Kf7 27. e5 Rd4 28. Rce3 fxe5 29.
fxe5 d5 30. e6+ Ke7 31. R1e2 c4 32. c3 Rd1 33. bxc4 dxc4 34. Re4 Rc6 35. Rf2 Rd3+ 36. Kh2 Rxe6 37. Rxc4 c6 38. Rf5 Rd2 39. Rxa5 Rg6 40.
Ra7+ Kd6 41. Rg4 Rxg4 42. hxg4 g5 43. Rxh7 Ke5 44. Rg7 Kf4 45. Rc7 Rd6 46. a5 Kxg4 47. c4 Rh6+ 48. Kg1 Kg3 49. c5 Re6 50. Kf1 Rf6+ 51.
Ke1 Kxg2 52. a6 g4 53. a7 Rf1+ 54. Ke2 Ra1 55. Rxc6 Rxa7 56. Rg6 g3 57. c6 Re7+ 58. Kd3 Kf2 59. Kc4 g2 60. Kd5 Re3 61. Rxg2+ Kxg2 62. c7 Rc3 63. Kd6 Kf3 64. Kd7 Ke4 65. c8=Q Rxc8 66.
Kxc8 1/2-1/2

[Event "*** Titled Tuesday Blitz"]
[Site "Chess.com"]
[Date "2019.04.02"]
[Round "8"]
[White "Mikhail_Golubev"]
[Black "Chessmatus"]
[Result "1-0"]
[WhiteElo "2426"]
[BlackElo "2308"]
[TimeControl "180+2"]
[EndTime "15:50:40 PDT"]
[Termination "Mikhail_Golubev won by resignation"]

1. e4 c5 2. Nf3 d6 3. d4 cxd4 4. Nxd4 Nf6 5. Nc3 a6 6. Bc4 e6 7. Bb3 Nbd7 8. O-O Nc5 9. f4 Nfxe4 10. Nxe4 Nxe4 11. f5 e5 12. Qh5 d5 13. Re1 Bc5 14. Rxe4 Bxd4+ 15. Rxd4 exd4 16. Bg5 Qa5 17. Qe2+ Kd7 18.
Qe7+ Kc6 19. Rc1 Qc5 20. Qxf7 Rf8 21. Bxd5+ Kb6 22. Be7 Rxf7 23. Bxc5+ Kxc5 24. Bxf7 Bxf5 25. c3 d3 26. Rf1 g6 27. Bb3 Re8 28. h3 h5 29. Rf2 Re1+ 30. Kh2 Re2 31. Kg1 Re1+ 32. Rf1 Re5 33. Bd1 b5 34. Kf2 a5 35. Re1 Rxe1 36. Kxe1 b4 37. Kd2 Be4 38. Bf3 Bf5 39. h4 a4 40. a3 bxc3+ 41. Kxc3 Kd6 42. g3 Kc5 43. Bd1 Kb5 44. Kd4 Ka5 45. Bf3 Kb5 46. Kc3 Kc5 47. Bb7 Kb6 48. Bd5 Kc5 49. Bc4 d2 50. Be2 Be6 51.
Kxd2 Kd4 52. Bd1 Bd7 53. Bc2 Be8 54. b3 axb3 55. Bxb3 Ke4 56. Ke2 Bb5+ 57. Kf2 Kd3 58.
Bf7 Bd7 59. Bxg6+ Kc3 60. Bxh5 Kb3 61. Bg6 Kxa3 62. h5 1-0

[Event "*** Titled Tuesday Blitz"]
[Site "Chess.com"]
[Date "2019.04.02"]
[Round "8"]
[White "Ali_rastbod"]
[Black "EvgenyT"]
[Result "0-1"]
[WhiteElo "2620"]
[BlackElo "2914"]
[TimeControl "180+2"]
[EndTime "15:50:45 PDT"]
[Termination "EvgenyT won by resignation"]

1. c4 e5 2. Nc3 Bb4 3. Qb3 Nc6 4.
Nf3 a5 5. a3 Bc5 6. g3 Nf6 7.
Bg2 O-O 8. O-O d6 9. d3 h6 10.
Qc2 Bg4 11. e3 Qd7 12. Re1 Bh3 13. Bh1 Rfe8 14. Rb1 Qf5 15. Nd2 Qh5 16. Nde4 Nxe4 17. Nxe4 Qg6 18. Bd2 a4 19. Nc3 Bf5 20. Be4 Bxe4 21.
dxe4 Nd8 22. Nxa4 Ne6 23. Nxc5 dxc5 24. h4 Qf6 25. Bc3 g5 26. h5 g4 27. Qe2 Qg5 28. Kg2 Qxh5 29. Rh1 Qg5 30. Rh4 h5 31. Rbh1 Ng7 32. f3 gxf3+ 33. Qxf3 Ra6 34. Rxh5 Nxh5 35. Rxh5 Qg7 36. Qf5 Rf6 37. Qd7 Rfe6 38. Qxc7 Qg4 39. Rh4 Qe2+ 40. Kh3 Qxe3 41. Rg4+ Kf8 42.
Qxb7 Rh6+ 43. Rh4 Rxh4+ 44. Kxh4 Kg7 45. Kg4 Kg6 46. Qd7 Qe2+ 0-1

[Event "*** Titled Tuesday Blitz"]
[Site "Chess.com"]
[Date "2019.04.02"]
[Round "8"]
[White "TheBigBoss04"]
[Black "Zq1"]
[Result "1-0"]
[WhiteElo "2569"]
[BlackElo "2526"]
[TimeControl "180+2"]
[EndTime "15:50:45 PDT"]
[Termination "TheBigBoss04 won by resignation"]

1. c4 e6 2. Nc3 d5 3. d4 Be7 4. Nf3 Nf6 5. Bf4 O-O 6. e3 b6 7. cxd5 Nxd5 8. Bg3 Bb7 9. Bd3 c5 10. O-O cxd4 11. Nxd4 Nxc3 12. bxc3 Nd7 13. a4 Nc5 14. Bc2 Rc8 15. Qg4 f5 16. Qe2 Qd5 17. f3 Ba6 18. Nb5 e5 19. Rfd1 Qe6 20. Bf2 e4 21. Bg3 exf3 22.
Qxf3 Bb7 23. Qe2 Be4 24. Nd4 Qf7 25. a5 Bxc2 26. Qxc2 Ne4 27. Be1 Qc4 28. axb6 axb6 29.
Ra4 Qf7 30. Ra7 Kh8 31. Bh4 g5 32. Be1 Qf6 33. c4 Bc5 34. Qa4 Rcd8 35. Rd7 f4 36.
Rxd8 Rxd8 37. Qa1 fxe3 38. Ne2 Rxd1 39. Qxd1 Nd2 40. Bg3 h5 41. h4 gxh4 42. Bf4 h3 43. gxh3 Qg6+ 44. Kh1 Qe4+ 45. Kh2 Nf3+ 46. Kg3 Qg6+ 47.
Kxf3 Qc6+ 48. Qd5 Qg6 49. Qe5+ Kh7 50. Bxe3 Qd3 51. Qe4+ Qxe4+ 52. Kxe4 Kg6 53. Bxc5 bxc5 54. h4 1-0

[Event "*** Titled Tuesday Blitz"]
[Site "Chess.com"]
[Date "2019.04.02"]
[Round "8"]
[White "Vice64"]
[Black "2nd_life"]
[Result "0-1"]
[WhiteElo "2543"]
[BlackElo "2461"]
[TimeControl "180+2"]
[EndTime "15:50:45 PDT"]
[Termination "2nd_life won by resignation"]

1. e4 e5 2. Nf3 Nc6 3. Bb5 a6 4. Ba4 Nf6 5. O-O Be7 6. Bxc6 dxc6 7. d3 Nd7 8. Nbd2 c5 9. Nc4 f6 10. a4 O-O 11. Nh4 Nb8 12. Nf5 Nc6 13. Be3 Bxf5 14. exf5 b5 15. Nd2 Qd5 16. Qg4 Rfd8 17. Ne4 Kh8 18. Nc3 Qd7 19. axb5 Nd4 20. Bxd4 exd4 21. Ne4 axb5 22. Ng3 Bd6 23. Ne4 Bf8 24. h4 Qd5 25. Rfe1 c4 26. h5 h6 27. Qg6 c5 28. Ng3 cxd3 29. cxd3 c4 30. Rxa8 Rxa8 31. Ne2 cxd3 32. Nf4 d2 33. Rd1 Qe4 34. Qg4 Qe1+ 35. Kh2 Bd6 36.
Kg3 Bxf4+ 37. Kxf4 Qxf2+ 38. Ke4 Qe3+ 39. Kd5 Rd8+ 40. Kc6 d3 41. b4 Qe2 42. Qf3 Qe8+ 43. Kb6 Rb8+ 44. Ka7 Rd8 45. Rxd2 Qe7+ 46. Qb7 Rd7 47.
Qxd7 Qxd7+ 48. Kb6 Qd4+ 49. Kxb5 Qc3 50. Rxd3 Qxd3+ 51.
Ka5 Qxf5+ 52. b5 Qxh5 53. Ka6 Qe2 54. g3 h5 55. Kb6 g5 56. Kc6 Qxb5+ 57. Kxb5 h4 0-1

[Event "*** Titled Tuesday Blitz"]
[Site "Chess.com"]
[Date "2019.04.02"]
[Round "8"]
[White "Floatingdream1"]
[Black "Bryakin_Mikhail"]
[Result "1-0"]
[WhiteElo "2820"]
[BlackElo "2752"]
[TimeControl "180+2"]
[EndTime "15:50:47 PDT"]
[Termination "Floatingdream1 won on time"]

1. d4 d5 2. c4 c6 3. Nf3 Nf6 4. e3 Bf5 5. Nc3 e6 6. Nh4 Be4 7. f3 Bg6 8. Be2 Be7 9. O-O Nbd7 10. Bd2 O-O 11. Nxg6 hxg6 12. Be1 Bd6 13. c5 Bc7 14. f4 Ne4 15. Nxe4 dxe4 16. Bc4 Nf6 17. Qc2 g5 18. fxg5 Ng4 19. Qxe4 Qxg5 20. Rf3 Bxh2+ 21.
Kh1 Bc7 22. Rh3 Nf6 23. Qf3 Qf5 24. Bh4 Ng4 25. Rf1 Qxf3 26. Rfxf3 g6 27. Kg1 Kg7 28. Be1 Rae8 29. Bc3 f6 30. Rh4 Nh6 31. Rfh3 Rh8 32. e4 Nf7 33. Rxh8 Nxh8 34. d5 exd5 35.
exd5 cxd5 36. Bxd5 b6 37. Rf3 Be5 38. c6 Nf7 39. c7 Nd6 40. Bxe5 Rxe5 41. Rd3 Re1+ 42.
Kf2 Rc1 43. Rc3 Rd1 44. Be6 Rd2+ 45. Kf3 f5 46. Rc6 Ne4 47. c8=Q 1-0

[Event "*** Titled Tuesday Blitz"]
[Site "Chess.com"]
[Date "2019.04.02"]
[Round "8"]
[White "IakovUlivar"]
[Black "FERNANDEZL1983"]
[Result "1-0"]
[WhiteElo "2541"]
[BlackElo "2427"]
[TimeControl "180+2"]
[EndTime "15:50:48 PDT"]
[Termination "IakovUlivar won by resignation"]

1. e4 c5 2. Nf3 Nc6 3. Bb5 g6 4.
Bxc6 dxc6 5. d3 Bg7 6. Nc3 Nf6 7. h3 O-O 8. Be3 Nd7 9. Qd2 e5 10. Bh6 f6 11. a3 Rf7 12. b4 b6 13. Rb1 b5 14.
O-O a5 15. Ne2 cxb4 16. axb4 a4 17. c4 Nf8 18. cxb5 cxb5 19. Nc3 Rb7 20. Bxg7 Kxg7 21. d4 exd4 22. Qxd4 Qxd4 23. Nxd4 Bd7 24. Rfc1 Ne6 25.
Nxe6+ Bxe6 26. Nd5 Bxd5 27. exd5 Rd8 28. Rc5 Rd6 29.
Re1 Kf7 30. g4 a3 31. Ra1 Ra6 32. Ra2 Ke7 33. Rc3 Rba7 34. Rc5 Rb6 35. Rc3 Ra4 36.
Raxa3 Kd6 37. Rab3 Ra2 38. Rc5 Rd2 39. Rbc3 Rxd5 40.
Rxd5+ Kxd5 41. Rc5+ Ke4 42. Kg2 Kd4 43. Kf3 Kd3 44. Kf4 Ke2 45. Kg3 Rb7 46. h4 Rb6 47. h5 Kd3 48. Kf3 Kd4 49. Kf4 Rb7 50. h6 Kd3 51. f3 Kd4 52. Rc6 Kd5 53. Rc5+ Kd6 54. g5 fxg5+ 55. Kxg5 Rf7 56. Rxb5 Rxf3 57. Rb7 Rf5+ 58.
Kg4 Kc6 59. Rxh7 Rh5 60. Rh8 Kb7 61. h7 Ka7 62. b5 Kb7 63. b6 Rh1 64. Kg5 Rh2 65.
Kf6 g5 66. Kg7 g4 67. Re8 g3 68. h8=Q Rxh8 69. Kxh8 Kxb6 70. Rg8 Kc5 71. Rxg3 1-0

[Event "*** Titled Tuesday Blitz"]
[Site "Chess.com"]
[Date "2019.04.02"]
[Round "8"]
[White "Benjoneliere44"]
[Black "vovachesss"]
[Result "0-1"]
[WhiteElo "2487"]
[BlackElo "2534"]
[TimeControl "180+2"]
[EndTime "15:50:49 PDT"]
[Termination "vovachesss won by resignation"]

1. d4 Nc6 2. Bf4 g6 3. e3 Bg7 4. Nf3 d6 5. c3 Nf6 6. h3 O-O 7. Be2 Nd7 8. O-O e5 9. Bh2 Qe7 10. a4 a5 11. Na3 b6 12. Nb5 Nf6 13. dxe5 dxe5 14. Qb3 Bb7 15. Rfd1 Ne4 16. Bc4 Nc5 17. Qc2 Rad8 18. Rxd8 Rxd8 19. Rd1 Rxd1+ 20. Qxd1 Kf8 21. Bg3 Bf6 22. Nd2 Qd7 23. Qc2 Bg7 24. Nf3 f6 25. h4 Qg4 26. Nxc7 Qxc4 27. h5 Qd3 28. Qc1 Nxa4 29. hxg6 hxg6 30. Nh4 g5 31. Nf3 Nc5 32. b4 axb4 33. cxb4 Nxb4 34. Qa1 Qd7 35. Qa3 Nbd3 36. Na8 Qc6 37. Qa7 Bxa8 38. Qb8+ Kf7 39. Qd8 Bb7 40. Qb8 Nb4 41. Bxe5 Nba6 42. Qd8 Qd7 43. Qxd7+ Nxd7 44. Bc7 Bxf3 45. gxf3 b5 46. Kf1 f5 47. Ke2 Ke6 48.
Ba5 Kd5 49. Kd3 Ndc5+ 50. Kc2 Kc4 51. e4 f4 52. Bc3 Bxc3 0-1

[Event "*** Titled Tuesday Blitz"]
[Site "Chess.com"]
[Date "2019.04.02"]
[Round "8"]
[White "Chessialist"]
[Black "oskariot"]
[Result "0-1"]
[WhiteElo "2517"]
[BlackElo "2617"]
[TimeControl "180+2"]
[EndTime "15:50:50 PDT"]
[Termination "oskariot won by resignation"]

1. e4 e6 2. Qe2 a6 3. g3 b5 4. Bg2 Bb7 5. d3 c5 6. a4 b4 7. Nf3 d6 8. b3 Nf6 9. Bb2 Be7 10.
Nbd2 e5 11. Nc4 Nc6 12. Ne3 O-O 13. O-O Nd4 14. Nxd4 cxd4 15. Nc4 Re8 16. a5 Bf8 17. Qd2 d5 18. exd5 Bxd5 19. Nb6 Bxg2 20. Kxg2 Ra7 21. Rfe1 Nd5 22. Nxd5 Qxd5+ 23. f3 f5 24. Re2 Rc7 25.
Rae1 Rec8 26. Qg5 Rxc2 27. Qxf5 Qxb3 28. Ba1 Bd6 29. Kh3 Qf7 30. Qg4 g6 31. f4 exf4 32.
Bxd4 fxg3 33. hxg3 Qf5 34. Qxf5 gxf5 35. Re6 R8c6 36.
Rf1 Bf8 37. Rxc6 Rxc6 38. Rxf5 Rh6+ 39. Kg4 Rg6+ 40. Kf3 b3 41. Rd5 Rc6 42. Rd8 Rd6 43. Rxd6 Bxd6 44. g4 Ba3 45. Ke4 b2 46. Bxb2 Bxb2 47.
Kd5 Bc3 48. Kc6 Bxa5 49. Kb7 Kg7 50. Kxa6 Bc3 51. Kb5 Kg6 52. Kc4 Ba1 53. d4 Kg5 54. d5 Kxg4 55. d6 h5 56. Kd3 Kg3 57. Ke4 h4 58.
Kf5 Bc3 59. d7 Ba5 0-1

[Event "*** Titled Tuesday Blitz"]
[Site "Chess.com"]
[Date "2019.04.02"]
[Round "8"]
[White "Alex_Terzi"]
[Black "Kirill_Klukin"]
[Result "1/2-1/2"]
[WhiteElo "2420"]
[BlackElo "2568"]
[TimeControl "180+2"]
[EndTime "15:50:51 PDT"]
[Termination "Game drawn by repetition"]

1. e4 c5 2. Nf3 Nc6 3. d4 cxd4 4. Nxd4 e5 5. Nb5 d6 6. N1c3 a6 7. Na3 Be7 8. Nd5 Nf6 9. Nxf6+ Bxf6 10. Be3 O-O 11. g3 Be6 12. Bg2 Bg5 13. Bxg5 Qxg5 14. O-O Rfd8 15. c3 Ne7 16. f4 exf4 17. gxf4 Qc5+ 18. Qd4 f5 19. Qxc5 dxc5 20. exf5 Nxf5 21. Bxb7 Rab8 22. Bxa6 Rxb2 23. Nc4 Rc2 24. Rfc1 Rxc1+ 25. Rxc1 Ra8 26. Bb5 Rxa2 27. Re1 Bf7 28. Ne5 Ra3 29. Rd1 Ra8 30. Rd7 Be6 31. Rc7 g6 32. Rxc5 Ra1+ 33. Kf2 Ra2+ 34. Kf3 Rxh2 35. Bd7 Bxd7 36. Nxd7 Rh3+ 37. Ke4 Re3+ 38. Kd5 h5 39. Ne5 h4 40.
Ke6 h3 41. Kf6 h2 42. Rc8+ Kh7 43. Nf7 Re6+ 44. Kxe6 Ng7+ 45. Ke5 Nh5 46. Ng5+ Kh6 47. Rc7 Ng7 48. Rc8 Nh5 49. Rc7 Ng7 50. Rc8 Nh5 51. Rc7 Ng7 1/2-1/2

[Event "*** Titled Tuesday Blitz"]
[Site "Chess.com"]
[Date "2019.04.02"]
[Round "8"]
[White "adriangschnitzer"]
[Black "sergeikim"]
[Result "0-1"]
[WhiteElo "2403"]
[BlackElo "2568"]
[TimeControl "180+2"]
[EndTime "15:50:51 PDT"]
[Termination "sergeikim won by resignation"]

1. d4 Nf6 2. g3 g6 3. Bg2 Bg7 4. e4 d6 5. Nc3 O-O 6. Nge2 c6 7. a4 a5 8. h3 Na6 9. O-O Nb4 10. g4 e5 11. Be3 Qc7 12. Ng3 b6 13. f4 Ba6 14. Rf2 Rad8 15. f5 exd4 16. Bxd4 c5 17.
Be3 d5 18. Bf4 Qb7 19. e5 Ne4 20. Ncxe4 dxe4 21. Qe1 Rfe8 22. f6 Bf8 23. Nxe4 Qc8 24. Rd1 Bb7 25. Rfd2 Rd4 26. c3 Rxd2 27. Rxd2 Nd5 28.
Bh2 Bh6 29. g5 Bf8 30. Qe2 c4 31. Qg4 Bc5+ 32. Nxc5 Qxc5+ 33. Qd4 Qxd4+ 34. Rxd4 Rd8 35. Rxc4 Ne3 36. Bxb7 Nxc4 37. b3 Rd1+ 38. Kg2 Rd2+ 39. Kg1 Ne3 40. Bf4 Rd1+ 41. Kf2 Nf5 42. Bc8 Rb1 43.
e6 fxe6 44. Bxe6+ Kf8 45. b4 Rb2+ 46. Kf3 Rc2 47. bxa5 Rxc3+ 48. Ke4 bxa5 49. Bd2 Ra3 50. Bxa5 Rxa4+ 51. Kd5 Rxa5+ 52. Ke4 Ra4+ 0-1

[Event "*** Titled Tuesday Blitz"]
[Site "Chess.com"]
[Date "2019.04.02"]
[Round "8"]
[White "olksuna"]
[Black "RegZryt"]
[Result "0-1"]
[WhiteElo "2473"]
[BlackElo "2584"]
[TimeControl "180+2"]
[EndTime "15:51:04 PDT"]
[Termination "RegZryt won by checkmate"]

1. c4 e6 2. Nf3 d5 3. e3 Nf6 4. b3 Be7 5. Bb2 O-O 6. Nc3 b6 7. cxd5 exd5 8. d4 a6 9. g3 Bb7 10. Bg2 Nbd7 11. O-O Re8 12. Rc1 Bd6 13. Qc2 Qe7 14.
Rfd1 Rac8 15. Qb1 g6 16. a4 Kg7 17. Ne2 Ne4 18. Qd3 f6 19. Nf4 Nf8 20. Nd2 Ne6 21. Nxd5 Bxd5 22. Nxe4 Bxe4 23. Qxe4 Qf7 24. Qd3 a5 25.
Rc6 Rcd8 26. Rdc1 Re7 27. Qc4 Qe8 28. Bd5 Ng5 29. Bg2 h5 30. d5 Ne4 31. Bxe4 Rxe4 32.
Qc3 Be5 33. Rxc7+ Kh6 34. Qc2 Bxc7 35. Qxc7 Rxd5 36. Bxf6 Rd7 37. Qc3 Kh7 38. h4 Re6 39. Bg5 Red6 40. Qc2 Qe6 41. Bf4 Rd2 42. Qc8 Rd1+ 43.
Kh2 Rxc1 44. Qxc1 Qxb3 45. Qc6 Qd5 46. Qxb6 Rb7 47. Qf6 Qf7 48. Qc3 Rb1 49. Qxa5 Qb7 50. e4 Qxe4 51. Qc7+ Kg8 52. Qc8+ Kf7 53. Qc7+ Ke6 54.
Qc8+ Kd5 55. Qa8+ Kd4 56. Qa7+ Kd3 57. Qd7+ Ke2 58. Qd2+ Kf1 59. Be3 Qg2# 0-1

[Event "*** Titled Tuesday Blitz"]
[Site "Chess.com"]
[Date "2019.04.02"]
[Round "8"]
[White "ChessQueen"]
[Black "hellokostya"]
[Result "1-0"]
[WhiteElo "2654"]
[BlackElo "2503"]
[TimeControl "180+2"]
[EndTime "15:51:05 PDT"]
[Termination "ChessQueen won by checkmate"]

1. e4 c5 2. c3 Nf6 3. e5 Nd5 4.
d4 cxd4 5. Nf3 e6 6. cxd4 d6 7. Bd3 dxe5 8. Nxe5 Nd7 9. O-O Nxe5 10. dxe5 Be7 11. Qg4 g6 12. Bh6 Bf8 13. Bxf8 Kxf8 14. Nd2 Ne7 15. Qe2 Kg7 16. Ne4 Bd7 17. Nd6 Bc6 18.
Rfd1 Nd5 19. Qf3 Rf8 20. Qg3 Qb6 21. Rab1 Qb4 22. Be4 Rad8 23. a3 Qa4 24. b4 a6 25. Rd2 Ne7 26. Bc2 Qb5 27. Nxb5 Rxd2 28. Qc3 Rxc2 29. Qxc2 axb5 30. Rd1 Nd5 31. Qd2 Ra8 32.
Ra1 Ra6 33. h4 h5 34. Kh2 Ra8 35. f3 Ra4 36. Qb2 Ra8 37. Rd1 Rc8 38. Rc1 Ra8 39.
Qb3 Ra6 40. Qd3 Ra8 41. Rc5 Rc8 42. Kg3 Ra8 43. Qb3 Rd8 44. Qb2 Ra8 45. Rc2 Ra6 46. Re2 Ra8 47. Kf2 Ra6 48. Rd2 Ra8 49. g3 Ra6 50. Rd3 Ra8 51. Qd4 Ra6 52. Qc5 Ra8 53.
Qc1 Ra6 54. g4 hxg4 55. fxg4 Ra8 56. Kg3 Rh8 57. Qf1 Rh7 58. Rxd5 Bxd5 59. Qf6+ Kg8 60. Kf4 Bc6 61. Kg5 Rh8 62. h5 gxh5 63. gxh5 Rh7 64. h6 Rh8 65. Qg7# 1-0

[Event "*** Titled Tuesday Blitz"]
[Site "Chess.com"]
[Date "2019.04.02"]
[Round "8"]
[White "platy3"]
[Black "SavelijTartakover"]
[Result "1/2-1/2"]
[WhiteElo "2774"]
[BlackElo "2617"]
[TimeControl "180+2"]
[EndTime "15:51:08 PDT"]
[Termination "Game drawn by agreement"]

1. c4 c6 2. d4 d5 3. Nf3 Nf6 4. Qb3 dxc4 5. Qxc4 Bg4 6. Nbd2 Nbd7 7. g3 e6 8. Bg2 Be7 9. O-O a5 10. b3 a4 11. Bb2 O-O 12. e4 Bxf3 13. Bxf3 Qa5 14. Bc3 Qa6 15. Qxa6 Rxa6 16. b4 a3 17. Rab1 Nb6 18.
Rb3 Na4 19. Ba1 Nb2 20. b5 Ra4 21. bxc6 bxc6 22. Bxb2 axb2 23. Rxb2 Rxd4 24. Rc2 Ra4 25. Rb1 Rfa8 26. Rbb2 Ba3 27. Rb7 Bf8 28. Nc4 Rxa2 29.
Rxa2 Rxa2 30. Ne5 c5 31. Rc7 Ne8 32. Rxf7 Bd6 33. Bg4 Nc7 34. Rxc7 Ra1+ 35. Kg2 Bxc7 36. Bxe6+ Kf8 37. Nc4 Ra2 38. Kf3 g5 39. Ke3 Ke7 40. Bg8 Rc2 41. Bd5 h5 42. h3 g4 43. hxg4 hxg4 44.
Bg8 Kf6 45. Bd5 Be5 46. Nd2 Bc3 47. Nb3 Be1 48. Kd3 Rxf2 49. Nxc5 Rf3+ 50. Ke2 Bxg3 51.
e5+ Kxe5 52. Bxf3 gxf3+ 1/2-1/2

[Event "*** Titled Tuesday Blitz"]
[Site "Chess.com"]
[Date "2019.04.02"]
[Round "8"]
[White "Korchmar_Vasiliy"]
[Black "Annawel"]
[Result "1-0"]
[WhiteElo "2795"]
[BlackElo "2882"]
[TimeControl "180+2"]
[EndTime "15:51:09 PDT"]
[Termination "Korchmar_Vasiliy won by checkmate"]

1. d4 Nf6 2. c4 g6 3. Nc3 d5 4. Nf3 Bg7 5. Bf4 O-O 6. e3 c5 7. dxc5 Qa5 8. Rc1 dxc4 9. Bxc4 Qxc5 10. Bb3 Bg4 11. h3 Qh5 12. O-O Bxf3 13. Qxf3 Qxf3 14. gxf3 Nc6 15. Rfd1 Rfd8 16. Kf1 Kf8 17. Ke2 Ne8 18. Bd5 Rac8 19. Bxc6 Rxd1 20. Nxd1 e5 21. Bg3 Rxc6 22. Rxc6 bxc6 23. f4 e4 24. f3 Nd6 25. Be1 exf3+ 26. Kxf3 f5 27. Bb4 Ke7 28. b3 Ke6 29. Bxd6 Kxd6 30. e4 fxe4+ 31. Kxe4 Kc5 32. Ne3 a5 33. f5 gxf5+ 34. Nxf5 Bf6 35. Ne3 Kb4 36. Nc2+ Kc3 37. Ne3 Bd8 38. Nc4 a4 39. Ne5 a3 40.
Nxc6 Bb6 41. Ne5 Kb2 42. Kd3 Bc5 43. Nc4+ Kxa2 44. Kc2 h5 45. Ne5 h4 46. Nc6 Ka1 47. b4 Bb6 48. b5 a2 49. Nb4 Bc5 50. Nd3 Be3 51. Ne5 Bd4 52. Nc4 Be3 53. Na5 Bb6 54.
Nb3# 1-0

[Event "*** Titled Tuesday Blitz"]
[Site "Chess.com"]
[Date "2019.04.02"]
[Round "8"]
[White "sergiochess83"]
[Black "enriquetejedor"]
[Result "1-0"]
[WhiteElo "2737"]
[BlackElo "2546"]
[TimeControl "180+2"]
[EndTime "15:51:11 PDT"]
[Termination "sergiochess83 won by resignation"]

1. e4 c6 2. d4 d5 3. e5 Bf5 4. Nf3 e6 5. Be2 h6 6. O-O Ne7 7. Nbd2 Nd7 8. Nb3 Bh7 9. Bd2 Nf5 10. a4 Be7 11. a5 O-O 12. g4 Nh4 13. Nxh4 Bxh4 14.
f4 Be7 15. f5 c5 16. c3 cxd4 17. cxd4 Bg5 18. Bd3 Rc8 19. Qe2 Bxd2 20. Qxd2 Qh4 21.
Rf4 Qg5 22. Kh1 Rc7 23. Raf1 Rfc8 24. Qf2 Nf8 25. h4 Qe7 26. f6 gxf6 27. exf6 Qb4 28. Nc5 Rxc5 29. dxc5 Qxc5 30. Bxh7+ Kxh7 31. Qxc5 Rxc5 32. Rb4 Rc7 33. Rf3 Ng6 34. Rc3 Rd7 35. Rcb3 b6 36. axb6 axb6 37. Rxb6 Nxh4 38. Rb7 Rxb7 39. Rxb7 Kg6 40. b4 Nf3 41. b5 Ne5 42. b6 Nc4 43. Rb8 Kxf6 44. Kg2 Na5 45. Ra8 Nb7 46. Ra7 Nc5 47.
b7 Nd7 48. Ra8 Kg5 49. Rd8 Nf6 50. b8=Q Nxg4 51. Rg8+ Kf5 52. Rxg4 Kxg4 53. Qg8+ Kf5 54. Qxf7+ Ke5 55. Kf3 Kd6 56. Qf4+ e5 57. Qxh6+ Kc5 58. Ke3 Kc4 1-0

[Event "*** Titled Tuesday Blitz"]
[Site "Chess.com"]
[Date "2019.04.02"]
[Round "8"]
[White "kasparicy"]
[Black "ENEASZ"]
[Result "1-0"]
[WhiteElo "2359"]
[BlackElo "2422"]
[TimeControl "180+2"]
[EndTime "15:51:12 PDT"]
[Termination "kasparicy won by resignation"]

1. e4 d6 2. d4 Nf6 3. Nc3 e5 4. f4 exd4 5. Qxd4 Nbd7 6. Nf3 c6 7. Bc4 Be7 8. Bb3 O-O 9. Be3 Nc5 10. O-O Nxb3 11. axb3 a6 12. Rad1 Be6 13. h3 Qc7 14. Qd2 d5 15. e5 Ne4 16. Nxe4 dxe4 17. Nd4 Rad8 18. Qf2 c5 19. Ne2 Bd5 20. Nc3 Bc6 21. Bxc5 Bxc5 22. Qxc5 Qc8 23. Rxd8 Rxd8 24. Rd1 Rxd1+ 25.
Nxd1 h5 26. Ne3 Qd8 27. Qd6 Qa5 28. Qd1 Qc5 29. Kf2 h4 30. c3 Qe7 31. Qd6 Qe8 32.
f5 Qc8 33. e6 fxe6 34. fxe6 Qf8+ 35. Qxf8+ Kxf8 36. Nf5 g5 37. Nd4 Be8 38. Ke3 Bg6 39. b4 Ke7 40. c4 Kd6 41. c5+ Ke7 42. b3 Bh7 43. Kd2 Bg6 44. Ke3 Kf6 45. c6 bxc6 46. Nxc6 Kxe6 47. Nb8 Ke5 48. Nxa6 Bf7 49. Nc5 Be8 50.
Nxe4 Bc6 51. Nxg5 Bxg2 52. Kf2 Bd5 53. Nf3+ Kf4 54. Nxh4 Bxb3 55. Ng2+ Kg5 56. h4+ Kg4 57. b5 Bd5 58. b6 Kf5 59. Ne3+ 1-0